 Dungeon Crawl Stone Soup version 0.28-a0-1506-g3893175d92 (webtiles) character file.

Game seed: 15243419101402495610

99 karrick the Covered (level 4, -1/29 HPs)
             Began as a Gargoyle Fighter on Jan 14, 2022.
             Killed from afar by an orc wizard (3 damage)
             ... with a magic dart
             ... on level 3 of the Dungeon.
             The game lasted 00:02:06 (2578 turns).

karrick the Covered (Gargoyle Fighter)              Turns: 2578, Time: 00:02:07

Health: -1/29      AC: 10    Str: 20    XL:     4   Next: 72%
Magic:  4/4        EV:  9    Int:  8    God:
Gold:   137        SH:  0    Dex: 11    Spells: 3/3 levels left

rFire   + . .      SeeInvis +   a - +0 flail
rCold   + . .      Faith    .   c - +0 buckler
rNeg    + . .      Spirit   .   b - +0 scale mail
rPois   ∞          Reflect  .   (no helmet)
rElec   +          Harm     .   (no cloak)
rCorr   +          Rampage  .   (no gloves)
Will    .....                   (no boots)
Stlth   ..........              (no amulet)
HPRegen 0.09/turn               h - ring of see invisible
MPRegen 0.09/turn               (no ring)

@: confused, mighty, resistant
A: sickness immunity, AC +3, negative energy resistance 1, electricity
resistance, torment resistance 1, petrification resistance
a: no special abilities


You were on level 3 of the Dungeon.
You visited 1 branch of the dungeon, and saw 3 of its levels.

You collected 137 gold pieces.

Inventory:

Hand Weapons
 a - a +0 flail (weapon)
Armour
 b - a +0 scale mail (worn)
 c - a +0 buckler (worn)
Jewellery
 h - a ring of see invisible (left hand)
Wands
 j - a wand of flame (17)
Scrolls
 e - 4 scrolls of identify {unknown}
 f - a scroll of vulnerability {unknown}
 i - a scroll of noise {unknown}


   Skills:
 + Level 3.8 Fighting
 + Level 3.2 Maces & Flails
 + Level 4.0 Armour
 + Level 0.3 Dodging
 + Level 0.2 Stealth
 + Level 3.8 Shields


You had 3 spell levels left.
You didn't know any spells.
Your spell library contained the following spells:

 Spells                   Type           Power      Damage    Failure   Level
 Corpse Rot               Necr/Air       0%         N/A       94%         2
 Poisonous Vapours        Pois/Air       0%         N/A       94%         2
 Ozocubu's Armour         Ice            0%         N/A       99%         3
 Ozocubu's Refrigeration  Ice            0%         4d5       100%        7


Dungeon Overview and Level Annotations

Branches:
Dungeon (3/15)

Altars:


Innate Abilities, Weirdness & Mutations

You are immune to sickness and miasma.
Your stone body is resilient. (AC +3)
You are immune to poison.
You resist negative energy. (rN+)
You are resistant to electric shocks. (rElec)
You are resistant to unholy torment.
You are immune to petrification.


Message History

The orc priest hits you with a +2 morningstar of draining!
You closely miss the orc priest.
The orc priest hits you with a +2 morningstar of draining.
You are too injured to fight recklessly!
You are too injured to fight recklessly!
You are too injured to fight recklessly!
You are too injured to fight recklessly!
You are too injured to fight recklessly!
You are too injured to fight recklessly!
You are too injured to fight recklessly!
You are too injured to fight recklessly!
You are too injured to fight recklessly!
You are too injured to fight recklessly!
You are too injured to fight recklessly!
You are too injured to fight recklessly!
You are too injured to fight recklessly!
You are too injured to fight recklessly!
You are too injured to fight recklessly!
You are too injured to fight recklessly!
You are too injured to fight recklessly!
You are too injured to fight recklessly!
You are too injured to fight recklessly!
You are too injured to fight recklessly!
You closely miss the orc priest.
The orc priest hits you with a +2 morningstar of draining!
* * * LOW HITPOINT WARNING * * *
It was a potion of resistance.
You feel protected. The orc priest barely misses you.
You feel very mighty all of a sudden. The orc priest barely misses you.
You sock the orc priest!
You kill the orc priest!
Your Maces & Flails skill increases to level 3!
You barely miss the orc wizard.
The orc wizard points at you and mumbles some strange words.
You are confused.
The orc wizard points at you and mumbles some strange words.
The magic dart hits you.
You die...

.# $. ## .# .###.
.... #.## ..# #.$.#
#o# #...# #@# #...#
#.# #...# ## #.#
#...##.##
#!######...#.#.#
##.#...............
#.#########........
#.#8.#..#..........
#.#8.'..#.....#.#.#
##.#..#..#8#....#.#


You could see an orc wizard (invisible).

Vanquished Creatures
  An orc priest (D:3)
  2 adders (D:2)
  A worm (D:2)
  An orc (D:3)
  3 endoplasms
  4 giant cockroaches
  8 goblins
  4 hobgoblins
  4 jackals (D:2)
  2 kobolds (D:1)
  2 quokkas
  2 ball pythons
  3 bats (D:1)
  4 frilled lizards
  6 rats
47 creatures vanquished.

Vanquished Creatures (others)
  13 plants (D:3)
13 creatures vanquished.

Grand Total: 60 creatures vanquished

Notes
Turn   | Place    | Note
-------+----------+-------------------------------------------
     0 | D:1      | karrick the Gargoyle Fighter began the quest for the Orb.
     0 | D:1      | Reached XP level 1. HP: 14/14 MP: 1/1
   497 | D:1      | Reached XP level 2. HP: 18/19 MP: 2/2
  1332 | D:2      | Reached XP level 3. HP: 19/23 MP: 3/3
  1984 | D:2      | Reached XP level 4. HP: 29/29 MP: 4/4
  2540 | D:3      | Found a faded altar of an unknown god.
  2570 | D:3      | Reached skill level 4 in Armour
  2574 | D:3      | HP: 1/29 [orc priest (8)]
  2578 | D:3      | Killed from afar by an orc wizard

Illustrated notes

Levels and vault maps discovered:
D:1:      dpeg_arrival_three_same_balls, layout_basic
D:2:      layout_basic
D:3:      layout_loops_cross, lightli_temple_of_fire, nicolae_uskayaw_suspiria,
          lemuel_round_altar, elyvilon_altar_4,
          shapermc_ecumenical_altar_mp_vishouse, palyth_stone_intersect,
          chequers_big_river, minmay_cut_off

Skill      XL: |  1  2  3  4 |
---------------+-------------+-----
Armour         | 4 |  4.0
Maces & Flails | 3 |  3.2
Fighting       | |  3.8
Dodging        | |  0.3
Stealth        | |  0.2
Shields        | |  3.8

Action                   |  1- 3 |  4- 6 || total
-------------------------+-------+-------++-------
Melee: Flail             |    97 |    23 ||   120
  Use: Potion            |       |     2 ||     2
Armor: Scale mail        |    65 |     9 ||    74
Dodge: Dodged            |    59 |     4 ||    63
Block: Buckler           |    22 |     3 ||    25

Table legend: (Time is in decaauts)
 A = Elapsed time spent in this place.
 B = Non-inter-level travel time spent in this place.
 C = Inter-level travel time spent in this place.
 D = Time resting spent in this place.
 E = Time spent auto-exploring this place.
 F = Levels seen in this place.
 G = Mean time per level.
                   A        B        C        D        E       F      G
               +--------+--------+--------+--------+--------+-----+--------+
         Total |   2617 |   2528 |     89 |      0 |   2189 |   3 |  872.3 |
       Dungeon |   2617 |   2528 |     89 |      0 |   2189 |   3 |  872.3 |
               +--------+--------+--------+--------+--------+-----+--------+

Top non-repeatable levels by time:
     D:1: 1339 daAuts
     D:2: 1003 daAuts
     D:3: 274 daAuts
